 Dungeon Crawl Stone Soup version 0.27.1-1-g398f81649c (webtiles) character file.

Game seed: 3046561453389215096

263 ZARRMARR the Cutter (level 6, -2/39 HPs)
             Began as an Octopode Brigand on Sept 8, 2021.
             Slain by a hobgoblin (4 damage)
             ... led by Robin
             ... on level 3 of the Dungeon.
             The game lasted 00:07:32 (2264 turns).

ZARRMARR the Cutter (Octopode Brigand)              Turns: 2264, Time: 00:07:33

Health: -2/39      AC:  1    Str: 11    XL:     6   Next: 19%
Magic:  6/6        EV: 12    Int: 15    God:
Gold:   104        SH:  0    Dex: 13    Spells: 5/5 levels left

rFire    . . .     SeeInvis .   a - +2 dagger
rCold    . . .     Faith    .   (no shield)
rNeg     . . .     Spirit   .   (helmet restricted)
rPois    .         Reflect  .   (no amulet)
rElec    .         Harm     .   (no ring)
rCorr    .         Rampage  .   (no ring)
Will     .....                  (no ring)
Stlth    ++++......             (no ring)
HPRegen  0.13/turn              (no ring)
MPRegen  0.10/turn              (no ring)
                                (no ring)
                                (no ring)

@: no status effects
A: almost no armour, amphibious, 8 rings, camouflage 1, gelatinous body 1,
(nimble swimmer 1), tentacles
a: no special abilities


You were on level 3 of the Dungeon.
You visited 1 branch of the dungeon, and saw 3 of its levels.

You collected 104 gold pieces.

Inventory:

Hand Weapons
 a - a +2 dagger (weapon)
Missiles
 c - a curare-tipped dart (quivered)
Wands
 g - a wand of polymorph (10)
Scrolls
 e - a scroll of teleportation
 i - a scroll of amnesia {unknown}
Potions
 f - 2 potions of cancellation


   Skills:
 - Level 2.0 Fighting
 + Level 6.3 Short Blades
 - Level 2.0 Throwing
 - Level 1.0 Dodging
 - Level 5.3 Stealth


You had 5 spell levels left.
You didn't know any spells.
Your spell library was empty.

Dungeon Overview and Level Annotations

Branches:
Dungeon (3/15)

Altars:


Innate Abilities, Weirdness & Mutations

You cannot wear most types of armour.
You are amphibious.
You can wear up to eight rings at the same time.
Your skin changes colour to match your surroundings (Stealth+).
Your rubbery body absorbs attacks. (AC +1, EV +1)
((You are camouflaged near water. (Stealth+)))
You have tentacles for arms and can constrict up to eight enemies at once.


Message History

Aim: Jessica, wielding a +0 dagger, wearing a +0 robe and carrying a wand of digging (3) (fast, very poisoned, 59% to hit)
You throw a poisoned dart.
The poisoned dart closely misses Jessica.
Throw: 2 darts (curare)
Press: ? - help, Q - select action, (/) - cycle Shift-Dir - straight line, f/p - Jessica
Aim: Jessica, wielding a +0 dagger, wearing a +0 robe and carrying a wand of digging (3) (fast, very poisoned, 59% to hit)
You throw a curare-tipped dart.
The curare-tipped dart closely misses Jessica.
You hit Jessica. You grab Jessica.
Jessica is lightly wounded.
You constrict Jessica, but do no damage.
Jessica grins evilly.
Jessica hits you but does no damage.
You barely miss the hobgoblin. Your grab misses the hobgoblin.
Your squeeze misses the hobgoblin. You constrict Jessica.
Jessica casts a spell at you.
You barely resist. The hobgoblin closely misses you.
You closely miss the hobgoblin. Your grab misses the hobgoblin.
You constrict Jessica, but do no damage.
Jessica barely misses you. The hobgoblin hits you.
You hit the hobgoblin. You grab the hobgoblin.
Your squeeze misses the hobgoblin.
The hobgoblin is lightly wounded.
You constrict the hobgoblin. You constrict Jessica.
Jessica hits you with a +0 dagger.
You hit Jessica.
Jessica is severely wounded.
You constrict the hobgoblin.
You constrict Jessica, but do no damage.
Jessica points at you and mumbles some strange words.
Pain shoots through your body!
* * * LOW HITPOINT WARNING * * *
The hobgoblin hits you.
* * * LOW HITPOINT WARNING * * *
Unknown command.
Unknown command.
You hit Jessica.
You kill Jessica!
You constrict the hobgoblin. The hobgoblin hits you.
You die...

......#.#.#
#...(...#.# .
..........# ..
....(...###### #(##
#...............
#(().
#(..((##..######
....###).....+..#
.# #(g.)..P#g #..#
....###@##..####..#
#......##.....P..#
#.##.#...........#
...#.##.....####
#.#. #####.#### ..
#. #.# . . #.# ##
#.# #.#


You could see a hobgoblin.

Vanquished Creatures
  Sigmund (D:2)
  Jessica (D:3)
  Robin (D:3)
  4 adders
  4 worms (D:2)
  A dart slug (D:2)
  3 endoplasms (D:2)
  4 giant cockroaches
  15 goblins
  4 hobgoblins
  4 kobolds
  5 ball pythons
  3 bats
  A frilled lizard (D:1)
  2 rats (D:1)
53 creatures vanquished.

Notes
Turn   | Place    | Note
-------+----------+-------------------------------------------
     0 | D:1      | ZARRMARR the Octopode Brigand began the quest for the Orb.
     0 | D:1      | Reached XP level 1. HP: 14/14 MP: 1/1
   447 | D:1      | Reached XP level 2. HP: 19/19 MP: 2/2
   505 | D:1      | Found a faded altar of an unknown god.
   547 | D:1      | Reached skill level 3 in Short Blades
  1114 | D:2      | Reached XP level 3. HP: 24/24 MP: 3/3
  1417 | D:2      | Reached skill level 4 in Short Blades
  1568 | D:2      | Noticed Sigmund
  1572 | D:2      | Killed Sigmund
  1573 | D:2      | Reached skill level 5 in Short Blades
  1573 | D:2      | Reached XP level 4. HP: 29/29 MP: 4/4
  1573 | D:2      | Reached XP level 5. HP: 34/34 MP: 5/5
  1816 | D:2      | Reached skill level 6 in Short Blades
  1891 | D:2      | Reached XP level 6. HP: 39/39 MP: 6/6
  2231 | D:3      | Noticed Robin
  2240 | D:3      | Noticed Jessica
  2241 | D:3      | Killed Robin
  2264 | D:3      | Killed Jessica
  2264 | D:3      | Slain by a hobgoblin

Illustrated notes

Levels and vault maps discovered:
D:1:      minmay_arrival_open_corners, layout_basic,
          hellmonk_ecumenical_altar_lost_god, grunt_decor_fettered
D:2:      layout_loops_ring, roderic_roman_lattice, uniq_sigmund
D:3:      layout_loops_ring, serial_shops, shop_fountains, nrook_uturn,
          corexii_shack, minmay_misc_feat_five, grunt_ministairs_7,
          minmay_ogre_servants, uniq_terence, uniq_robin, uniq_jessica,
          uniq_natasha

Skill      XL: |  1  2  3  4  5 |
---------------+----------------+-----
Short Blades   | 3 5 6 |  6.3
Fighting       | |  2.0
Throwing       | |  2.0
Dodging        | |  1.0
Stealth        | |  5.3

Action                   |  1- 3 |  4- 6 || total
-------------------------+-------+-------++-------
Melee: Dagger            |    48 |    43 ||    91
       Constrict         |     9 |    10 ||    19
       Tentacles         |     5 |     9 ||    14
Throw: Dart              |       |    15 ||    15
  Use: Scroll            |     2 |     1 ||     3
 Stab: Sleeping          |    15 |     6 ||    21
Armor: Skin              |     2 |     4 ||     6
Dodge: Dodged            |    10 |     5 ||    15
